 Dungeon Crawl Stone Soup version 0.23-a0-612-gcb482e9 (webtiles) character file.

77 zishaf the Skirmisher (level 4, 0/41 HPs)
             Began as a Hill Orc Monk on Dec 22, 2018.
             Slain by a worker ant (4 damage)
             ... on level 4 of the Dungeon.
             The game lasted 00:02:55 (2049 turns).

zishaf the Skirmisher (Hill Orc Monk)               Turns: 2049, Time: 00:02:56

Health: 0/41       AC:  6    Str: 14    XL:     4   Next: 33%
Magic:  4/4        EV: 10    Int: 10    God:
Gold:   96         SH:  3    Dex: 13    Spells: 3/3 levels left

rFire    . . .     SeeInvis .   a - +0 hand axe
rCold    . . .     Gourm    .   (no shield)
rNeg     . . .     Faith    .   s - +0 scale mail
rPois    .         Spirit   .   (no helmet)
rElec    .         Reflect  +   (no cloak)
rCorr    .         Harm     .   (no gloves)
MR       .....                  (no boots)
Stlth    ..........             k - +3 amulet of reflection
HPRegen  0.13/turn              (no ring)
MPRegen  0.09/turn              (no ring)

@: lethally poisoned (0 -> -17)
A: no striking features
a: no special abilities


You were on level 4 of the Dungeon.
You were not hungry.

You visited 1 branch of the dungeon, and saw 4 of its levels.

You collected 96 gold pieces.

Inventory:

Hand Weapons
 a - a +0 hand axe (weapon)
Missiles
 f - 7 stones (quivered)
Armour
 s - a +0 scale mail (worn)
Jewellery
 k - a +3 amulet of reflection (around neck)
Scrolls
 d - 4 scrolls of identify {unknown}
 g - a scroll of teleportation {unknown}
 h - 2 scrolls of remove curse {unknown}
 m - 3 scrolls of blinking {unknown}
 p - a scroll of amnesia {unknown}
Potions
 b - a potion of curing {unknown}
 e - 2 potions of lignification {unknown}
 j - 2 potions of flight {unknown}
 l - a potion of haste {unknown}
 n - 2 potions of degeneration {unknown}
 q - a potion of berserk rage {unknown}
 r - a potion of brilliance {unknown}
Comestibles
 c - 4 rations
 o - 4 chunks of flesh


   Skills:
 * Level 4.7 Fighting
 - Level 4.0 Axes
 + Level 2.2 Armour
 - Level 3.0 Dodging
 - Level 1.5 Stealth


You had 3 spell levels left.
You didn't know any spells.
Your spell library was empty.

Dungeon Overview and Level Annotations

Branches:
Dungeon (3/15)

Altars:
Xom


Message History

You block the worker ant's attack.
You hit the worker ant but do no damage.
The worker ant is severely wounded.
* * * LOW HITPOINT WARNING * * *
You feel sick. You block the worker ant's attack.
You barely miss the worker ant.
The worker ant is severely wounded.
* * * LOW HITPOINT WARNING * * *
You feel sick.
The worker ant bites you but does no damage.
You hit the worker ant but do no damage.
The worker ant is severely wounded.
* * * LOW HITPOINT WARNING * * *
You feel sick. The worker ant barely misses you.
The worker ant closely misses you.
You barely miss the worker ant.
The worker ant is severely wounded.
* * * LOW HITPOINT WARNING * * *
You feel sick. The worker ant bites you.
You die...

#... #.### ...
....
###.####..###
##.....##....
#?......#.?#
#.#.......#..#
#....._.....#
#.#.......#a#
#.......#@#
##.$...##.#
###.####.# ...
..# .... ###
....


You could see a worker ant.

Vanquished Creatures
  3 adders (D:2)
  A dart slug (D:1)
  2 leopard geckos (D:1)
  2 giant cockroaches (D:1)
  4 goblins
  6 hobgoblins
  3 jackals
  6 kobolds
  3 quokkas (D:2)
  3 bats
  5 frilled lizards
  5 rats
43 creatures vanquished.

Notes
Turn   | Place    | Note
-------+----------+-------------------------------------------
     0 | D:1      | zishaf the Hill Orc Monk began the quest for the Orb.
     0 | D:1      | Reached XP level 1. HP: 19/19 MP: 1/1
   320 | D:1      | Reached skill level 1 in Armour
   320 | D:1      | Reached XP level 2. HP: 27/27 MP: 2/2
   819 | D:1      | Reached XP level 3. HP: 27/33 MP: 3/3
  1636 | D:2      | Reached XP level 4. HP: 38/41 MP: 4/4
  2010 | D:3      | You fall through a shaft!
  2010 | D:4      | Found a shimmering altar of Xom.
  2049 | D:4      | Slain by a worker ant

Vault maps used:
D:1:      minmay_arrival_checkered_box, serial_park_tiny_1
D:3:      tso_oasis_becter, lemuel_coloured_pillars_altar, lemuel_round_altar
D:4:      old_standard_altar, nicolae_overflow_crystal_walls, uniq_natasha,
          uniq_pikel, uniq_duvessa

Skill      XL: |  1  2  3 |
---------------+----------+-----
Armour         | 1 2 |  2.2
Fighting       | 4 |  4.7
Dodging        | 3 |  3.0
Axes           | |  4.0
Stealth        | |  1.5

Action                   |  1- 3 |  4- 6 || total
-------------------------+-------+-------++-------
Melee: Hand axe          |    94 |    75 ||   169
 Stab: Sleeping          |     5 |       ||     5
  Eat: Chunk             |     2 |     2 ||     4
Armor: Ring mail         |    30 |       ||    30
       Scale mail        |     1 |    31 ||    32
Dodge: Dodged            |    63 |    33 ||    96
Block: Other             |     6 |     6 ||    12
       Reflection        |     1 |       ||     1

Table legend:
 A = Non-vault XP
 B = Vault XP
 C = Vault XP percentage of total XP
 D = Non-vault monster count
 E = Vault monster count
 F = Vault count percentage of total count
                 A         B        C        D         E       F
            +---------+---------+-------+---------+---------+-------
      Total |     110 |       0 |   0.0 |      43 |       0 |   0.0
            +---------+---------+-------+---------+---------+-------
        D:1 |      39 |       0 |   0.0 |      20 |       0 |   0.0
        D:2 |      71 |       0 |   0.0 |      23 |       0 |   0.0
            +---------+---------+-------+---------+---------+-------
